 Dungeon Crawl Stone Soup version 0.24-a0-189-g5d897e9104 (webtiles) character file.

Game seed: 13027604349338589443

56 Steforg the Grave Robber (level 3, -4/27 HPs)
             Began as a Demonspawn Necromancer on Mar 17, 2019.
             Slain by an orc
             ... wielding a +0 short sword
              (5 damage)
             ... on level 3 of the Dungeon.
             The game lasted 00:10:26 (2099 turns).

Steforg the Grave Robber (Demonspawn Necromancer)   Turns: 2099, Time: 00:10:27

Health: -4/27      AC:  3    Str:  9    XL:     3   Next: 71%
Magic:  0/6        EV: 12    Int: 16    God:
Gold:   59         SH:  0    Dex: 13    Spells: 1/6 levels left

rFire    . . .     SeeInvis .   e - +0 short sword
rCold    . . .     Gourm    .   (no shield)
rNeg     . . .     Faith    .   a - +1 robe
rPois    .         Spirit   +   (no helmet)
rElec    .         Reflect  .   A - scarf {cloud immunity}
rCorr    .         Harm     .   (no gloves)
MR       .....                  (no boots)
Stlth    ++........             i - amulet of guardian spirit
HPRegen  0.09/turn              h - ring of wizardry
MPRegen  0.10/turn              (no ring)

@: flying
A: hooves 1
a: no special abilities


You were on level 3 of the Dungeon.
You were hungry.

You visited 1 branch of the dungeon, and saw 3 of its levels.

You collected 59 gold pieces.

Inventory:

Hand Weapons
 e - a +0 short sword (weapon)
 p - a cursed +0 whip
Missiles
 n - 52 stones (quivered)
 y - 28 poisoned needles
Armour
 a - a +1 robe (worn)
 j - a +0 scale mail
 k - a +0 ring mail
 m - a +0 chain mail
 r - a +0 chain mail
 t - a scarf of cloud immunity
 v - a +0 leather armour of cold resistance
 z - a +0 helmet
 A - a scarf of cloud immunity (worn)
 B - a +2 leather armour of cold resistance
Jewellery
 h - a ring of wizardry (left hand)
 i - an amulet of guardian spirit (around neck)
Scrolls
 d - a scroll of remove curse
 f - 2 scrolls of enchant armour
 g - 2 scrolls of enchant weapon {unknown}
 q - a scroll of immolation {unknown}
 u - a scroll of fog {unknown}
 w - a scroll of magic mapping {unknown}
 x - 2 scrolls of identify {unknown}
Potions
 l - a potion of curing {unknown}
 o - a potion of haste {unknown}
 C - a potion of ambrosia {unknown}
Comestibles
 b - a chunk of flesh
 c - 4 rations


   Skills:
 + Level 1.7 Fighting
 - Level 1.7 Dodging
 - Level 1.7 Stealth
 - Level 2.0 Spellcasting
 + Level 5.5 Necromancy


You had one spell level left.
You knew the following spells:

 Your Spells              Type           Power        Failure   Level  Hunger
a - Pain                  Necr           ###.         1%          1    #......
b - Animate Skeleton      Necr           N/A          1%          1    #......
c - Vampiric Draining     Necr           ###.......   2%          3    ###....

Your spell library contained the following spells:

 Spells                   Type           Power        Failure   Level  Hunger
 Regeneration             Chrm/Necr      ##........   9%          3    ###....
 Animate Dead             Necr           N/A          9%          4    #####..


Dungeon Overview and Level Annotations

Branches:
Dungeon (3/15)

Altars:

Annotations:
D:2 Terence


Innate Abilities, Weirdness & Mutations

You have large cloven feet.


Message History

You take 1 damage, and have 15/27 hp.
Casting: Pain (safe; 1% risk of failure)
Confirm with . or Enter, or press ? or * to list all spells.
Aiming: Pain (safe; 1% risk of failure)
Press: ? - help, Shift-Dir - straight line, f/p - orc
Aim: an orc, wielding a +0 flail and wearing a +0 leather armour (almost dead, chance to defeat MR: 89%)
The orc barely resists.
The orc hits you with a +0 flail!
* * * LOW HITPOINT WARNING * * *
You take 11 damage, and have 4/27 hp.
MASSIVE DAMAGE!!
You now have 0/6 mp.
You hit the orc.
You kill the orc!
You hit the orc but do no damage. You kick the orc, but do no damage.
The orc is severely wounded.
The orc hits you with a +0 short sword.
* * * LOW HITPOINT WARNING * * *
You take 3 damage, and have 1/27 hp.
It was a potion of flight.
You feel very buoyant.
You fly up into the air.
The orc hits you with a +0 short sword.
You die...

## .#
#. ..
.# .#
##.#
##oo#
#@#.#
#.###.#
#.# #.#
## ##


You could see 2 orcs.

Vanquished Creatures
  A shadow imp (D:2)
  A leopard gecko (D:2)
  An orc (D:3)
  3 giant cockroaches
  4 goblins
  5 hobgoblins
  10 kobolds
  5 bats
  2 frilled lizards (D:1)
  8 rats
40 creatures vanquished.

Vanquished Creatures (collateral kills)
  2 bats (D:1)
  A frilled lizard (D:1)
  A rat (D:2)
4 creatures vanquished.

Grand Total: 44 creatures vanquished

Notes
Turn   | Place    | Note
-------+----------+-------------------------------------------
     0 | D:1      | Steforg the Demonspawn Necromancer began the quest for the
                  | Orb.
     0 | D:1      | Reached XP level 1. HP: 13/13 MP: 3/3
   403 | D:1      | Gained mutation: You have large cloven feet. [demonic
                  | ancestry]
   403 | D:1      | Reached XP level 2. HP: 19/19 MP: 5/5
   415 | D:1      | Learned a level 1 spell: Animate Skeleton
   458 | D:1      | Reached skill level 5 in Necromancy
   805 | D:1      | Reached skill level 1 in Fighting
   897 | D:1      | Reached XP level 3. HP: 25/26 MP: 4/6
  1303 | D:2      | Learned a level 3 spell: Vampiric Draining
  1354 | D:2      | Noticed Terence
  2098 | D:3      | HP: 1/27 [orc/+0 short sword (4)]
  2099 | D:3      | Slain by an orc

Levels and vault maps discovered:
D:1:      matt_arrival_spirals, layout_loops_corners
D:2:      layout_rooms, chequers_ecumenical_altar_lobes, uniq_terence
D:3:      layout_loops_cross, uniq_jessica, uniq_robin

Skill      XL: |  1  2 |
---------------+-------+-----
Necromancy     | 5 |  5.5
Fighting       | 1 |  1.7
Dodging        | |  1.7
Stealth        | |  1.7
Spellcasting   | |  2.0

Action                   || total
-------------------------++-------
Melee: Short sword       ||    94
       Unarmed           ||     4
       Kick              ||    12
Throw: Stone             ||     1
 Cast: Pain              ||    34
       Animate Skeleton  ||    13
  Use: Scroll            ||     2
       Potion            ||     1
 Stab: Sleeping          ||     4
  Eat: Chunk             ||     4
Armor: Robe              ||    24
Dodge: Dodged            ||    77

Table legend:
 A = Non-vault XP
 B = Vault XP
 C = Vault XP percentage of total XP
 D = Non-vault monster count
 E = Vault monster count
 F = Vault count percentage of total count
                 A         B        C        D         E       F
            +---------+---------+-------+---------+---------+-------
      Total |      81 |       0 |   0.0 |      44 |       0 |   0.0
            +---------+---------+-------+---------+---------+-------
        D:1 |      47 |       0 |   0.0 |      31 |       0 |   0.0
        D:2 |      31 |       0 |   0.0 |      12 |       0 |   0.0
        D:3 |       3 |       0 |   0.0 |       1 |       0 |   0.0
            +---------+---------+-------+---------+---------+-------
